 Dungeon Crawl Stone Soup version 0.19.4 (webtiles) character file.

172 Jerry the Cudgeler (level 5, 45/45 HPs)
             Began as a Minotaur Fighter on Feb 2, 2017.
             Quit the game on level 3 of the Dungeon.
             The game lasted 00:04:18 (2192 turns).

Jerry the Cudgeler (Minotaur Fighter)               Turns: 2192, Time: 00:04:19

Health: 45/45      AC:  8    Str: 21    XL:     5   Next: 27%
Magic:  4/4        EV:  7    Int:  5    God:
Gold:   92         SH:  9    Dex: 10    Spells: 0 memorised, 4 levels left

rFire  . . .     SeeInvis .     o - +0 whip
rCold  . . .     Gourm    .     b - +0 scale mail
rNeg   . . .     Faith    .     c - +0 shield
rPois  .         Spirit   .     (helmet restricted)
rElec  .         Reflect  .     (no cloak)
rCorr  .         Harm     .     (no gloves)
MR     .....                    i - +0 pair of boots (curse)
Stlth  ..........               (no amulet)
                                (no ring)
                                (no ring)

@: no status effects
A: retaliatory headbutt, horns 2
a: no special abilities


You were on level 3 of the Dungeon.
You were not hungry.

You visited 1 branch of the dungeon, and saw 3 of its levels.

You collected 92 gold pieces.

Inventory:

Hand Weapons
 o - a +0 whip (weapon)
Armour
 b - a +0 scale mail (worn)
 c - a +0 shield (worn)
 i - a cursed +0 pair of boots (worn)
Jewellery
 q - a cursed -2 ring of intelligence {unknown}
Wands
 s - a wand of polymorph (2/24)
Scrolls
 a - 2 scrolls of remove curse {unknown}
 e - a scroll of identify {unknown}
 h - a scroll of noise {unknown}
 k - a scroll of amnesia {unknown}
 m - a scroll of recharging {unknown}
 p - a scroll of fog {unknown}
 r - a scroll of immolation {unknown}
 t - a scroll of enchant armour {unknown}
Potions
 d - a potion of might
 j - a potion of heal wounds {unknown}
 n - 2 potions of curing {unknown}
 u - a potion of haste {unknown}
Comestibles
 f - 2 bread rations
 g - 11 chunks of flesh
 l - a slice of pizza


   Skills:
 - Level 3.6 Fighting
 * Level 5.1 Maces & Flails
 + Level 4.7 Armour
 + Level 4.6 Shields


You had 4 spell levels left.
You didn't know any spells.

Dungeon Overview and Level Annotations

Branches:
Dungeon (3/15)

Altars:
Makhleb
Nemelex Xobeh
Xom
Yredelemnul
The Shining One


Innate Abilities, Weirdness & Mutations

You reflexively headbutt those who attack you in melee.
You have a pair of horns on your head.


Message History

No target in view!
You butcher the jackal corpse.
g - 12 chunks of flesh (gained 3) Some of the chunks of flesh in your inventory have rotted away.
A rat comes into view.
A gnoll comes into view. It is wielding a club.
The gnoll shouts!
You block the rat's attack.
You closely miss the rat. You block the rat's attack.
You barely miss the rat.
A worm comes into view.
You hit the rat but do no damage. You headbutt the rat.
You kill the rat!
A goblin comes into view.
The goblin shouts!
You barely miss the gnoll. Your headbutt misses the gnoll.
You block the gnoll's attack. 2 gnolls come into view.
The gnoll shouts!
Are you sure you want to abandon this character and quit the game? (Confirm with "yes".)

#...############.(...........
#..........................##
#...############...........##
#...####### ##........#.##
#...##....# ##........#.##
######....# #.............
#....# #..(..........
#....######.......>.....
#.....g@................
#....######..........##.
#....# ##........###. #.g..#
#........###. #....#
###.#..###...#. #w####
##...##.# ###... .g
#....##.######.. .g
#....##......... ...
##.........#####.


You could see a gnoll.

Vanquished Creatures
  A crimson imp (D:3)
  A worker ant (D:3)
  5 adders
  2 oozes (D:3)
  A worm (D:3)
  2 dart slugs (D:1)
  7 bats
  7 giant cockroaches
  6 goblins
  3 hobgoblins
  4 jackals (D:3)
  6 frilled lizards
  5 kobolds
  8 rats
58 creatures vanquished.

Vanquished Creatures (others)
  A hobgoblin (D:2)
1 creature vanquished.

Grand Total: 59 creatures vanquished

Notes
Turn   | Place    | Note
-------+----------+-------------------------------------------
     0 | D:1      | Jerry the Minotaur Fighter began the quest for the Orb.
     0 | D:1      | Reached XP level 1. HP: 19/19 MP: 0/0
   105 | D:1      | Reached XP level 2. HP: 24/26 MP: 1/1
   537 | D:1      | Reached skill level 3 in Maces & Flails
   668 | D:1      | Reached XP level 3. HP: 9/31 MP: 2/2
  1023 | D:2      | Found a glowing golden altar of the Shining One.
  1032 | D:2      | Found a basalt altar of Yredelemnul.
  1329 | D:2      | Found a sparkling altar of Nemelex Xobeh.
  1399 | D:2      | Noticed an angel
  1461 | D:2      | Reached skill level 4 in Maces & Flails
  1681 | D:3      | Found a shimmering altar of Xom.
  1698 | D:3      | Reached XP level 4. HP: 33/39 MP: 3/3
  1701 | D:3      | Found a burning altar of Makhleb.
  1866 | D:3      | Reached XP level 5. HP: 45/45 MP: 4/4
  1884 | D:3      | Reached skill level 5 in Maces & Flails
  2192 | D:3      | Quit the game

Skill      XL: |  1  2  3  4  5 |
---------------+----------------+-----
Armour         | 4 |  4.7
Shields        | 4 |  4.6
Maces & Flails | 3 4 5 |  5.1
Fighting       | |  3.6

Action                   |  1- 3 |  4- 6 || total
-------------------------+-------+-------++-------
Melee: Flail             |    51 |       ||    51
       Headbutt          |    18 |    13 ||    31
       Whip              |    87 |    87 ||   174
  Eat: Chunk             |     3 |     1 ||     4
Armor: Scale mail        |    54 |    33 ||    87
Dodge: Dodged            |    39 |    20 ||    59
Block: Shield            |    78 |    41 ||   119
